 Dungeon Crawl Stone Soup version 0.30-a0-4-ga7cffc901d (webtiles) character file.

Game seed: 1863210289947427676

23 voltaire321 the Ducker (level 2, -2/23 HPs)
             Began as a Merfolk Gladiator on Aug 21, 2022.
             Slain by a hobgoblin (3 damage)
             ... on level 1 of the Dungeon.
             The game lasted 00:01:10 (463 turns).

voltaire321 the Ducker (Merfolk Gladiator)           Turns: 463, Time: 00:01:10

Health: -2/23      AC:  4    Str: 14    XL:     2   Next: 95%
Magic:  2/2        EV: 13    Int:  7    God:
Gold:   8          SH:  0    Dex: 15    Spells: 1/1 levels left

rFire   . . .      SeeInvis .    a - +0 long sword
rCold   . . .      Faith    .    (no shield)
rNeg    . . .      Spirit   .    b - +0 leather armour
rPois   .          Reflect  .    c - +0 helmet
rElec   .          Harm     .    (no cloak)
rCorr   .          Rampage  .    (no gloves)
Will    .....                    (no boots)
Stlth   +.........               (no amulet)
HPRegen 0.07/turn                (no ring)
MPRegen 0.08/turn                (no ring)

@: no status effects
A: (nimble swimmer 2), mertail
a: no special abilities


You were on level 1 of the Dungeon.
You visited 1 branch of the dungeon, and saw 1 of its levels.

You collected 8 gold pieces.

Inventory:

Hand Weapons
 a - a +0 long sword (weapon)
Missiles
 d - 3 throwing nets (quivered)
 e - a javelin
Armour
 b - a +0 leather armour (worn)
 c - a +0 helmet (worn)
Scrolls
 f - a scroll of fear {unknown}


   Skills:
 + Level 2.6 Fighting
 + Level 4.0 Long Blades
 + Level 2.4 Throwing
 + Level 4.3 Dodging


You had one spell level left.
You didn't know any spells.
Your spell library contained the following spells:

 Spells                   Type           Power      Damage    Failure   Level
 Static Discharge         Conj/Air       0%         3-3/arc   65%         2
 Lightning Bolt           Conj/Air       0%         1d11      100%        5
 Maxwell's Capacitive Co  Air            0%         ∞         100%        8


Dungeon Overview and Level Annotations

Branches:
Dungeon (1/15)

Altars:


Innate Abilities, Weirdness & Mutations

((You are very nimble when in or above water. (Stealth+, EV+, Speed+++)))
Your lower body shifts to a powerful aquatic tail in water.


Message History

The endoplasm freezes you.
You are frozen.
You hit the endoplasm.
The endoplasm is lightly wounded.
The endoplasm closely misses you. The goblin barely misses you.
You hit the endoplasm but do no damage.
The endoplasm is lightly wounded.
The endoplasm barely misses you. The goblin hits you with a +0 club.
You barely miss the endoplasm.
The endoplasm is lightly wounded.
The goblin closely misses you. The endoplasm hits you.
You hit the endoplasm.
The endoplasm is almost dead.
The goblin barely misses you. The endoplasm freezes you.
You are frozen.
You slash the endoplasm!
You kill the endoplasm!
The goblin hits you with a +0 club.
* * * LOW HITPOINT WARNING * * *
A hobgoblin comes into view.
The goblin hits you with a +0 club.
* * * LOW HITPOINT WARNING * * *
You miss the goblin. The goblin closely misses you.
You closely miss the goblin. The goblin misses you.
The hobgoblin shouts!
You hit the goblin.
The goblin is moderately wounded.
The goblin hits you but does no damage.
You hit the goblin.
You kill the goblin!
A giant cockroach comes into view.
You slash the giant cockroach!
You kill the giant cockroach!
Your Long Blades skill increases to level 4!
The hobgoblin hits you but does no damage.
You closely miss the hobgoblin. The hobgoblin hits you.
* * * LOW HITPOINT WARNING * * *
You completely miss the hobgoblin. The hobgoblin hits you.
You die...

.# ♣....♣ #...###### .##
♣....♣ #........# ..# ♣....♣
#...#....#
..########.########...#....#
...........................#
...............#.....###...#
...............##....# ...#
........†......####..# ...#
#..............g@....## ...#
>...###........#####..#
.....##........# #..#
.#.#........##.# #..##
#####...##.# #...#########
##...#.#####...#...#...##
##.........##.....>....#
#.........##...........
#.........##...........


You could see a hobgoblin.

Vanquished Creatures
  2 dart slugs (D:1)
  2 endoplasms (D:1)
  2 giant cockroaches (D:1)
  4 hobgoblins (D:1)
  2 quokkas (D:1)
  3 frilled lizards (D:1)
  A goblin (D:1)
  A rat (D:1)
17 creatures vanquished.

Notes
Turn   | Place    | Note
-------+----------+-------------------------------------------
     0 | D:1      | voltaire321 the Merfolk Gladiator began the quest for the
                  | Orb.
     0 | D:1      | Reached XP level 1. HP: 16/16 MP: 1/1
   310 | D:1      | Found a faded altar of an unknown god.
   326 | D:1      | Reached XP level 2. HP: 22/23 MP: 2/2
   462 | D:1      | HP: 1/23 [hobgoblin (4)]
   463 | D:1      | Slain by a hobgoblin

Illustrated notes

Levels and vault maps discovered:
D:1:      roderic_dead_forest, layout_rooms, basic_ecumenical_altar

Skill      XL: |  1  2 |
---------------+-------+-----
Long Blades    | 4 |  4.0
Fighting       | |  2.6
Throwing       | |  2.4
Dodging        | |  4.3

Action                   || total
-------------------------++-------
Melee: Long sword        ||    49
Armor: Leather armour    ||    15
Dodge: Dodged            ||    39

Table legend: (Time is in decaauts)
 A = Elapsed time spent in this place.
 B = Non-inter-level travel time spent in this place.
 C = Inter-level travel time spent in this place.
 D = Time resting spent in this place.
 E = Time spent auto-exploring this place.
 F = Levels seen in this place.
 G = Mean time per level.
                   A        B        C        D        E       F      G
               +--------+--------+--------+--------+--------+-----+--------+
         Total |    473 |    473 |      0 |    244 |     87 |   1 |  473.0 |
       Dungeon |    473 |    473 |      0 |    244 |     87 |   1 |  473.0 |
               +--------+--------+--------+--------+--------+-----+--------+

Top non-repeatable levels by time:
     D:1: 473 daAuts
